 Dungeon Crawl Stone Soup version 0.29.1 (webtiles) character file.

Game seed: 3391164734430715247

309 qw the Chopper (level 6, 0/38 HPs)
             Began as a Gargoyle Fighter on Sept 13, 2022.
             Slain by a gnoll
             ... wielding a +0 vorpal spear
              (4 damage)
             ... on level 3 of the Dungeon.
             The game lasted 00:00:59 (2977 turns).

qw the Chopper (Gargoyle Fighter)                   Turns: 2977, Time: 00:00:59

Health: 0/38       AC: 11    Str: 22    XL:     6   Next: 41%
Magic:  6/6        EV:  9    Int:  8    God:
Gold:   1493       SH:  4    Dex:  9    Spells: 5/5 levels left

rFire   . . .      SeeInvis .   Y - +0 war axe
rCold   . . .      Faith    .   c - +0 buckler
rNeg    + + +      Spirit   .   b - +0 scale mail
rPois   inf        Reflect  .   (no helmet)
rElec   +          Harm     .   (no cloak)
rCorr   .          Rampage  .   (no gloves)
Will    .....                   (no boots)
Stlth   ..........              (no amulet)
HPRegen 0.12/turn               e - ring of positive energy
MPRegen 0.10/turn               j - ring of positive energy

@: weakened
A: sickness immunity, AC +4, negative energy resistance 1, electricity
resistance, torment resistance 1, petrification resistance
a: no special abilities


You were on level 3 of the Dungeon.
You visited 1 branch of the dungeon, and saw 3 of its levels.

You collected 1493 gold pieces.


Innate Abilities, Weirdness & Mutations

You are immune to sickness and miasma.
Your stone body is resilient. (AC +4)
You are immune to poison.
You resist negative energy. (rN+)
You are resistant to electric shocks. (rElec)
You are resistant to unholy torment.
You are immune to petrification.


   Skills:
 - Level 4.0 Fighting
 + Level 5.4 Axes
 - Level 3.2 Armour
 - Level 1.0 Dodging
 - Level 3.2 Shields


You had 5 spell levels left.
You didn't know any spells.
Your spell library was empty.

Inventory:

Hand Weapons
 k - a +0 whip
 Y - a +0 war axe (weapon)
Armour
 b - a +0 scale mail (worn)
 c - a +0 buckler (worn)
Jewellery
 e - a ring of positive energy (left hand)
 j - a ring of positive energy (right hand)
Scrolls
 a - a scroll of identify
 h - a scroll of torment {unknown}
Potions
 d - a potion of might
 f - a potion of heal wounds {unknown}
 g - a potion of curing {unknown}
 i - a potion of brilliance {unknown}
 m - a potion of mutation {unknown}

Dungeon Overview and Level Annotations

Branches:
Dungeon (3/15)

Altars:
Ashenzari

Annotations:
D:2 1 runed translucent door, Crazy Yiuf
D:3 Jessica


Message History

You hit the gnoll.
The gnoll is almost dead.
You hit the gnoll.
The gnoll hits you but does no damage. x4
You barely miss the gnoll.
The gnoll is almost dead.
You closely miss the gnoll.
The gnoll bouda gazes fiercely through something!
You feel as though you will be weak longer.
The gnoll hits you but does no damage.
The gnoll hits you from afar with a +0 halberd.
The gnoll hits you but does no damage. x2
You hit the gnoll.
You kill the gnoll!
You hit the gnoll.
The gnoll hits you from afar with a +0 halberd.
The gnoll hits you but does no damage. The gnoll barely misses you.
The gnoll bouda barks out a call to the hunt!
The gnolls pick up the pace!
You barely miss the gnoll.
The gnoll is heavily wounded.
The gnoll barely misses you. The gnoll hits you but does no damage.
The gnoll hits you from afar with a +0 vorpal spear.
The gnoll barely misses you. The gnoll hits you with a +0 whip.
You barely miss the gnoll.
The gnoll is heavily wounded.
A gnoll comes into view. It is wielding a +0 whip.
The gnoll closely misses you.
The gnoll bouda barks out a call to the hunt!
The gnoll shouts!
You hear a shout!
You slash the gnoll!
You kill the gnoll!
The gnoll hits you from afar with a +0 halberd!
The gnoll completely misses you. The gnoll barely misses you.
You slash the gnoll bouda!
The gnoll bouda is moderately wounded.
A gnoll comes into view. It is wielding a +0 flail.
The gnoll bouda hits you with a +0 club.
The gnoll hits you from afar with a +0 vorpal spear.
You die...

#.#.#####.# #.# #.........# #..
############...#.#..#############
.................................
~~~~~~~~~~~~~~~....~~~~~~~~~~~~~~
~~~~~~~~~~~~~~~...)~~~~~~~~~~~~~~
###~~~~~~~~~~~~.)..~~~~~~~~~~~~##
og#............................#.
..#############'@g)#############.
#+# .....#.)..#...g #+ #
.....g...g'g... #
.....#....#..... #
################ # # # #


You could see a gnoll bouda and 4 gnolls.

Vanquished Creatures
  A scorpion (D:3)
  A howler monkey (D:3)
  2 hounds (D:3)
  7 gnolls (D:3)
  An adder (D:2)
  A dart slug (D:1)
  2 orcs (D:3)
  6 ball pythons
  6 endoplasms
  2 giant cockroaches
  4 goblins
  5 hobgoblins
  14 jackals (D:3)
  3 quokkas
  6 bats
  5 kobolds
  2 rats
68 creatures vanquished.

Vanquished Creatures (others)
  2 plants (D:1)
2 creatures vanquished.

Grand Total: 70 creatures vanquished

Notes
Turn   | Place    | Note
-------+----------+-------------------------------------------
     0 | D:1      | qw the Gargoyle Fighter began the quest for the Orb.
     0 | D:1      | Reached XP level 1. HP: 14/14 MP: 1/1
     0 | D:1      | 0 ||| qw: Version: 0.1-a-119-g272c26d
     0 | D:1      | 0 ||| qw: Game counter: 11264
     0 | D:1      | 0 ||| qw: Always use a shield: true
     0 | D:1      | 0 ||| qw: God list: Okawaru
     0 | D:1      | 0 ||| qw: Allow faded altars: false
     0 | D:1      | 0 ||| qw: Do Orc after D:15 true
     0 | D:1      | 0 ||| qw: Do second Lair branch before Depths: true
     0 | D:1      | 0 ||| qw: Lair rune preference: random
     0 | D:1      | 0 ||| qw: Plans: Normal, Zot, God:TSO, Crypt, Tomb, Pan,
                  | Slime, Hells, Zig, Abyss, Orb
     0 | D:1      | 0 ||| PLANNING D:1-11
    44 | D:1      | 44 ||| Stepping ~*~*~tactically~*~*~ (stealth).
    56 | D:1      | Reached skill level 2 in Axes
   275 | D:1      | Reached XP level 2. HP: 19/19 MP: 2/2
   685 | D:1      | 685 ||| Stepping ~*~*~tactically~*~*~ (stealth).
   691 | D:1      | Found a faded altar of an unknown god.
   843 | D:1      | 843 ||| READING scroll labelled DOERIGUKON.
   844 | D:1      | 844 ||| READING scroll labelled CUXIRITULEI.
   845 | D:1      | 845 ||| READING scroll labelled HOBLEG BAUTT.
   846 | D:1      | 846 ||| READING scroll labelled JUISIG OBA GER.
   846 | D:1      | Identified a scroll of acquirement
   846 | D:1      | 846 ||| ACQUIRING 1320 gold pieces
   846 | D:1      | Acquired 1320 gold pieces
   848 | D:1      | 848 ||| READING scroll labelled DUEGOHEBEK.
   945 | D:2      | Reached skill level 3 in Axes
   986 | D:2      | Reached XP level 3. HP: 23/23 MP: 3/3
  1221 | D:2      | 1221 ||| Stepping ~*~*~tactically~*~*~ (stealth).
  1573 | D:2      | Found a runed translucent door.
  1574 | D:2      | Noticed Crazy Yiuf
  1981 | D:2      | 1981 ||| UPGRADING to ring of positive energy.
  1982 | D:2      | 1982 ||| UPGRADING to ring of positive energy.
  1983 | D:2      | 1983 ||| READING scroll labelled GEYGAMUIPPE.
  1984 | D:2      | 1984 ||| DRINKING 2 sedimented yellow potions.
  1985 | D:2      | 1985 ||| DROPPING potion of invisibility.
  2060 | D:3      | 2060 ||| Stepping ~*~*~tactically~*~*~ (stealth).
  2090 | D:3      | 2090 ||| Stepping ~*~*~tactically~*~*~ (hiding).
  2096 | D:3      | Reached XP level 4. HP: 28/28 MP: 4/4
  2100 | D:3      | Reached skill level 4 in Axes
  2122 | D:3      | Noticed Jessica
  2123 | D:3      | 2123 ||| FLEEEEING.
  2184 | D:3      | 2184 ||| DROPPING +0 club.
  2207 | D:3      | Noticed a scorpion
  2216 | D:3      | Killed a scorpion
  2217 | D:3      | Reached XP level 5. HP: 32/32 MP: 5/5
  2321 | D:3      | 2321 ||| Stepping ~*~*~tactically~*~*~ (hiding).
  2322 | D:3      | 2322 ||| Stepping ~*~*~tactically~*~*~ (hiding).
  2347 | D:3      | 2347 ||| Stepping ~*~*~tactically~*~*~ (stealth).
  2348 | D:3      | 2348 ||| Stepping ~*~*~tactically~*~*~ (stealth).
  2349 | D:3      | 2349 ||| Stepping ~*~*~tactically~*~*~ (stealth).
  2376 | D:3      | 2376 ||| Stepping ~*~*~tactically~*~*~ (hiding).
  2377 | D:3      | 2377 ||| Stepping ~*~*~tactically~*~*~ (hiding).
  2387 | D:3      | Reached skill level 5 in Axes
  2604 | D:3      | Found a broken altar of Ashenzari.
  2849 | D:3      | Reached skill level 1 in Dodging
  2849 | D:3      | Reached XP level 6. HP: 38/38 MP: 6/6
  2928 | D:3      | 2928 ||| Stepping ~*~*~tactically~*~*~ (hiding).
  2959 | D:3      | 2959 ||| Stepping ~*~*~tactically~*~*~ (stealth).
  2960 | D:3      | 2960 ||| Stepping ~*~*~tactically~*~*~ (stealth).
  2977 | D:3      | HP: 4/38 [gnoll bouda/+0 club (6)]
  2977 | D:3      | Slain by a gnoll

Levels and vault maps discovered:
D:1:      tarquinn_simple_flora_water_d, layout_basic,
          shapermc_ecumenical_altar_mp_ritualfount, minmay_misc_feat_pillars,
          fountainhead, minivault_25, minmay_misc_feat_tower
D:2:      minmay_chambers_of_ones, layout_basic,
          nicolae_kite_square_tiling_tiny, uniq_crazy_yiuf_cottage
D:3:      lemuel_castle_with_subvaults [lemuel_castle_interior_carwin_1],
          layout_loops_ring, nicolae_ru_path_of_blood,
          mainiacjoe_overflow_catwalk, nicolae_uskayaw_murder_on_the_dancefloor,
          uniq_jessica

Skill      XL: |  1  2  3  4  5 |
---------------+----------------+-----
Axes           | 2 3 4 5 |  5.4
Fighting       | 4 |  4.0
Dodging        | 1 |  1.0
Armour         | |  3.2
Shields        | |  3.2

Action                   |  1- 3 |  4- 6 || total
-------------------------+-------+-------++-------
Melee: War axe           |    89 |    85 ||   174
Throw: Boomerang         |    19 |       ||    19
  Use: Scroll            |     6 |       ||     6
       Potion            |     1 |       ||     1
Armor: Scale mail        |    59 |    79 ||   138
Dodge: Dodged            |    42 |    73 ||   115
Block: Buckler           |    24 |    26 ||    50

Table legend:
 A = Non-vault XP
 B = Vault XP
 C = Vault XP percentage of total XP
 D = Non-vault monster count
 E = Vault monster count
 F = Vault count percentage of total count
                 A         B        C        D         E       F
            +---------+---------+-------+---------+---------+-------
      Total |     197 |     245 |  55.4 |      42 |      26 |  38.2
            +---------+---------+-------+---------+---------+-------
        D:1 |      28 |       0 |   0.0 |      15 |       0 |   0.0
        D:2 |      29 |       8 |  21.6 |      12 |       5 |  29.4
        D:3 |     140 |     237 |  62.9 |      15 |      21 |  58.3
            +---------+---------+-------+---------+---------+-------
